 Dungeon Crawl Stone Soup version 0.22-a0-348-gd16d1391c7 (webtiles) character file.

3371 Laan the Cleaver (level 10, 0/91 HPs)
             Began as a Hill Orc Monk on Apr 12, 2018.
             Was an Elder of Beogh.
             Succumbed to a killer bee's poison
             ... on level 7 of the Dungeon.
             The game lasted 00:16:10 (9192 turns).

Laan the Cleaver (Hill Orc Monk)                    Turns: 9192, Time: 00:16:11

Health: 0/91       AC: 14    Str: 18    XL:     10   Next: 3%
Magic:  11/11      EV:  8    Int: 10    God:    Beogh [****..]
Gold:   456        SH:  0    Dex: 13    Spells: 9/9 levels left

rFire    . . .     SeeInvis .   a - +1 hand axe
rCold    + . .     Gourm    .   (no shield)
rNeg     + . .     Faith    .   h - +0 chain mail
rPois    .         Spirit   .   n - +1 helmet
rElec    .         Reflect  .   u - +0 cloak
rCorr    .         Harm     .   (no gloves)
MR       .....                  (no boots)
Stlth    ..........             m - amulet of magic regeneration
HPRegen  0.25/turn              x - ring of protection from cold
MPRegen  0.37/turn              v - ring of positive energy

@: lethally poisoned (0 -> -36)
A: no striking features
a: Smiting, Recall Orcish Followers, Renounce Religion


You were on level 7 of the Dungeon.
You worshipped Beogh.
Beogh was greatly pleased with you.
You were not hungry.

You visited 1 branch of the dungeon, and saw 8 of its levels.

You collected 456 gold pieces.

Inventory:

Hand Weapons
 a - a +1 hand axe (weapon)
Armour
 h - a +0 chain mail (worn)
 n - a +1 helmet (worn)
 u - a +0 cloak (worn)
Jewellery
 j - a +2 ring of dexterity
 m - an amulet of magic regeneration (around neck)
 q - a +3 ring of intelligence
 v - a ring of positive energy (right hand)
 x - a ring of protection from cold (left hand)
Wands
 w - a wand of clouds (3)
 y - a wand of flame (23)
 z - a wand of digging (16)
Scrolls
 b - 13 scrolls of teleportation {unknown}
 e - 3 scrolls of remove curse
 g - 14 scrolls of identify {unknown}
 l - 2 scrolls of enchant weapon
 o - a scroll of fog {unknown}
 r - a scroll of magic mapping {unknown}
 s - 3 scrolls of fear {unknown}
 t - 2 scrolls of enchant armour {unknown}
Potions
 f - 2 potions of magic
 i - 2 potions of might
 k - a potion of invisibility
Comestibles
 c - 11 rations


   Skills:
 + Level 9.0 Fighting
 * Level 12.8 Axes
 + Level 7.4 Armour
 - Level 2.4 Dodging
 - Level 1.5 Stealth
 + Level 2.2 Invocations


You had 9 spell levels left.
You didn't know any spells.

Dungeon Overview and Level Annotations

Branches:
Dungeon (8/15)             Temple (0/1) D:7
   Lair: D:8-11

Altars:
Cheibriados
Dithmenos
Gozag
Hepliaklqana
Kikubaaqudgha
Qazlal
Ru
Trog
Vehumet

Annotations:
D:8 Azzok's ghost, novice MiFi


Message History

The killer bee is severely wounded.
* * * LOW HITPOINT WARNING * * *
You feel sick. The killer bee closely misses you.
The killer bee stings you but does no damage.
You hit the killer bee but do no damage.
The killer bee is severely wounded.
* * * LOW HITPOINT WARNING * * *
You feel sick.
The killer bee stings you but does no damage.
The killer bee closely misses you.
You hit the killer bee.
The killer bee is severely wounded.
* * * LOW HITPOINT WARNING * * *
You feel sick. The killer bee barely misses you. The killer bee stings you!
* * * LOW HITPOINT WARNING * * *
You are more poisoned.
The killer bee poisons you!
You hit the killer bee.
The killer bee is almost dead.
You die...

##..# #.....................
#..## #.....#..####........#
#.### #....##...#..........#
##...######..............##...##
#..oo.............(...........#
#.##o..####.........).........#
#.####..................[.P.P.##
#.# ########...y..........>...#
#o# ##[@##.....#..P.P..# #.#
##.##....#.......... ##.#
##..##.#.....###..... #.o#
#####..###.#..........#.. #..##
#.....###..#..........#.# #...#
###.#######.##.........>#.#
###.###.o.# #..##.............
#..o#.### #.##.............#
###.o..## ####.###............#


You could see a killer bee (berserk).

Vanquished Creatures
  Menkaure (D:5)
  A sky beast (D:5)
  2 phantoms (D:4)
  A necrophage (D:5)
  2 ogres (D:5)
  2 ice beasts
  3 centaurs
  A bullfrog (D:7)
  2 water moccasin skeletons
  12 killer bees
  A wight (D:7)
  4 howler monkeys
  A centaur zombie (D:5)
  4 crimson imps
  A jelly (D:7)
  5 hounds
  An orc priest (D:4)
  3 bullfrog skeletons
  An iguana (D:4)
  4 orc wizards
  4 worker ants
  14 adders
  7 gnolls
  A shadow imp (D:5)
  2 oozes (D:4)
  An adder zombie (D:5)
  4 dart slugs
  5 leopard geckos
  17 orcs
  2 ball pythons (D:3)
  5 bats
  2 giant cockroaches
  7 goblins
  4 hobgoblins
  7 jackals
  6 quokkas
  2 frilled lizards
  A jackal skeleton (D:5)
  6 kobolds
  A quokka skeleton (D:4)
  8 rats
158 creatures vanquished.

Vanquished Creatures (collateral kills)
  An orc warrior (D:6)
  2 black bears (D:7)
  A sky beast (D:6)
  A bullfrog (D:7)
  A water moccasin skeleton (D:7)
  3 killer bees
  A howler monkey (D:7)
  A crimson imp (D:5)
  An iguana (D:6)
  A worker ant (D:7)
  An adder (D:7)
  An adder skeleton (D:6)
  2 orcs
  A quokka (D:7)
  A ball python (D:7)
19 creatures vanquished.

Vanquished Creatures (others)
  An orc priest (D:8)
  4 orc wizards
  6 orcs
11 creatures vanquished.

Grand Total: 188 creatures vanquished

Notes
Turn   | Place    | Note
-------+----------+-------------------------------------------
     0 | D:1      | Laan the Hill Orc Monk began the quest for the Orb.
     0 | D:1      | Reached XP level 1. HP: 19/19 MP: 1/1
   120 | D:1      | Reached XP level 2. HP: 24/27 MP: 2/2
   166 | D:1      | Reached skill level 1 in Armour
   217 | D:1      | Reached XP level 3. HP: 21/33 MP: 3/3
   719 | D:2      | Reached skill level 5 in Axes
  1083 | D:2      | Reached XP level 4. HP: 30/40 MP: 4/4
  2138 | D:3      | Reached XP level 5. HP: 27/47 MP: 5/5
  2327 | D:3      | Found a hazy altar of Hepliaklqana.
  2411 | D:2      | Reached skill level 6 in Axes
  2820 | D:3      | Became a worshipper of Beogh the Brigand
  2820 | D:3      | Reached * piety under Beogh
  2820 | D:3      | Reached ** piety under Beogh
  3041 | D:3      | Found a radiant altar of Vehumet.
  3052 | D:3      | Found a snail-covered altar of Cheibriados.
  3573 | D:4      | Reached XP level 6. HP: 28/55 MP: 6/6
  3605 | D:4      | Reached skill level 5 in Fighting
  3846 | D:4      | Reached skill level 7 in Axes
  3865 | D:4      | Noticed a phantom
  3942 | D:4      | Killed a phantom
  4255 | D:4      | Reached XP level 7. HP: 51/61 MP: 7/7
  4337 | D:4      | HP: 3/61 [something (1)]
  4411 | D:4      | HP: 2/61 [phantom (3)]
  4412 | D:4      | Reached skill level 8 in Axes
  5398 | D:5      | Entered Level 5 of the Dungeon
  5426 | D:5      | Found a bloodstained altar of Trog.
  5491 | D:5      | Reached skill level 9 in Axes
  5527 | D:5      | Reached XP level 8. HP: 65/70 MP: 8/8
  5986 | D:5      | Reached *** piety under Beogh
  6190 | D:5      | Noticed Menkaure
  6208 | D:5      | Killed Menkaure
  6208 | D:5      | Reached skill level 5 in Armour
  6346 | D:5      | Reached skill level 10 in Axes
  6681 | D:6      | Reached XP level 9. HP: 48/79 MP: 9/9
  6681 | D:6      | Gained Gorg as an ally
  6681 | D:6      | Reached skill level 11 in Axes
  6932 | D:6      | Found a sacrificial altar of Ru.
  7014 | D:6      | Found an ancient bone altar of Kikubaaqudgha.
  7034 | D:6      | Found an opulent altar of Gozag.
  7085 | D:6      | Found a shadowy altar of Dithmenos.
  7240 | D:6      | Found a stormy altar of Qazlal.
  7379 | D:7      | Found a staircase to the Ecumenical Temple.
  7705 | D:7      | Reached skill level 12 in Axes
  7718 | D:7      | Reached **** piety under Beogh
  7839 | D:8      | Noticed Azzok's ghost (novice MiFi)
  8144 | D:8      | Your ally Gorg died
  8416 | D:8      | Reached skill level 1 in Invocations
  8423 | D:8      | Noticed a queen bee
  9138 | D:7      | Reached XP level 10. HP: 88/90 MP: 11/11
  9191 | D:7      | HP: 3/91 [killer bee (7)]
  9192 | D:7      | Succumbed to a killer bee's poison

Vault maps used:
D:1:      eino_arrival_water_star
D:3:      marbit_many_paths, minitemple, first_ration, serial_glass,
          glass_columns_b, glass_columns_a, glass_columns_c, item_on_display_a
D:4:      nzn_random_ring
D:5:      bloody_trog, hangedman_decor_lopped, uniq_menkaure
D:6:      kennysheep_mini_moat, kiku_gazebo_garden_becter,
          overflow_temple_1_default, nicolae_qazlal_eye_of_the_storm,
          basic_altar
D:7:      minmay_temple_entry_trees
D:8:      kennysheep_mini, serial_shops, shop, david_nohive_1

Skill      XL: |  1  2  3  4  5  6  7  8  9 10 |
---------------+-------------------------------+-----
Armour         | 1 2 3 4 5 7 |  7.4
Fighting       | 4 5 6 7 8 9 |  9.0
Axes           | 5 6 7 9 10 12 | 12.8
Invocations    | 2 |  2.2
Dodging        | |  2.4
Stealth        | |  1.5

Action                   |  1- 3 |  4- 6 |  7- 9 | 10-12 || total
-------------------------+-------+-------+-------+-------++-------
Melee: Hand axe          |   146 |   272 |   569 |    47 ||  1034
Invok: Convert to Beogh  |       |     1 |       |       ||     1
  Use: Potion            |       |     2 |     5 |       ||     7
       Scroll            |       |       |     4 |       ||     4
 Stab: Sleeping          |     3 |       |       |       ||     3
       Distracted        |       |       |     1 |       ||     1
       Confused          |       |       |     3 |       ||     3
  Eat: Chunk             |     1 |     7 |    13 |       ||    21
       Ration            |       |     1 |     1 |       ||     2
Armor: Robe              |    24 |       |       |       ||    24
       Chain mail        |    57 |   166 |   327 |    24 ||   574
Dodge: Dodged            |    75 |    82 |   202 |    20 ||   379

Table legend:
 A = Spawn XP
 B = Non-spawn XP
 C = Spawn XP percentage of total XP
 D = Spawn monster count
 E = Non-spawn monster count
 F = Spawn count percentage of total count
 G = Total turns spent on level
                    A         B        C        D         E        F      G
               +---------+---------+-------+---------+---------+-------+---------
         Total |       0 |    4816 |   0.0 |       0 |     178 |   0.0 |  9192
               +---------+---------+-------+---------+---------+-------+---------
           D:1 |       0 |      38 |   0.0 |       0 |      19 |   0.0 |   621
           D:2 |       0 |      95 |   0.0 |       0 |      19 |   0.0 |  1343
           D:3 |       0 |      86 |   0.0 |       0 |      21 |   0.0 |  1259
           D:4 |       0 |     829 |   0.0 |       0 |      36 |   0.0 |  2175
           D:5 |       0 |     961 |   0.0 |       0 |      23 |   0.0 |  1194
           D:6 |       0 |     672 |   0.0 |       0 |      19 |   0.0 |   751
           D:7 |       0 |    1591 |   0.0 |       0 |      30 |   0.0 |  1738
           D:8 |       0 |     544 |   0.0 |       0 |      11 |   0.0 |   111
               +---------+---------+-------+---------+---------+-------+---------
